[Event "Live Chess"]
[Site "Chess.com"]
[Date "2023.05.20"]
[Round "-"]
[White "FailsGambits"]
[Black "toog"]
[Result "0-1"]
[WhiteElo "1321"]
[BlackElo "2615"]
[TimeControl "300"]
[EndTime "14:20:17 PDT"]
[Termination "toog won by resignation"]

1. e4 e5 2. Nf3 Nf6 3. Nxe5 d6 4.
Nf3 Nxe4 5. d3 Nf6 6. Nc3 d5 7. Bg5 Be7 8. Be2 O-O 9. O-O c6 10. d4 Re8 11. Re1 h6 12. Bxf6 Bxf6 13. Bd3 Bg4 14.
h3 Rxe1+ 15. Qxe1 Bxf3 16. gxf3 Bxd4 17. Ne2 Bb6 18. Qc3 Nd7 19. Ng3 Qg5 20. Kg2 Nf6 21.
Rg1 Nh5 22. Kf1 d4 23. Qe1 Nxg3+ 24. Rxg3 Qf6 25. Qe4 g6 26. f4 Kf8 27. f5 Re8 28.
Qf4 g5 29. Qd2 Bc7 30. Rg1 Bf4 31. Qb4+ Qd6 32. Qxb7 Rb8 33. Qxa7 Rxb2 34. Kg2 Qd5+ 35.
Kf1 Rxa2 36. Qb7 Ra1+ 37. Ke2 Rxg1 38. Qc8+ Kg7 0-1

[Event "Live Chess"]
[Site "Chess.com"]
[Date "2023.05.20"]
[Round "-"]
[White "CheckThis4"]
[Black "ameetghasi100"]
[Result "1-0"]
[WhiteElo "2567"]
[BlackElo "2615"]
[TimeControl "300"]
[EndTime "14:20:22 PDT"]
[Termination "CheckThis4 won on time"]

1. e4 e5 2. Nf3 Nc6 3. Nc3 d6 4. d4 Bg4 5. d5 Nd4 6. Be3 Nxf3+ 7.
gxf3 Bd7 8. h4 Nf6 9. h5 c6 10. Qd2 Qa5 11. h6 g6 12. O-O-O Rc8 13. Kb1 Nh5 14.
dxc6 bxc6 15. Bc4 Be6 16. Bb3 Bxb3 17. axb3 Qc7 18. f4 exf4 19. Bxf4 Nxf4 20. Qxf4 Be7 21. Qe3 O-O 22. Qd4 f6 23. f4 Rb8 24. f5 g5 25.
Rhg1 Kf7 26. Qc4+ Ke8 27. Nd5 Qd7 28. Nxe7 Kxe7 29. e5 fxe5 30. Rxg5 Rf7 31. Rg7 Rf8 32.
f6+ Ke8 33. Qe4 Kd8 34. Qxh7 Kc7 35. Qd3 d5 36. Qg3 Kb6 37. Qxe5 Rh8 38. Qd4+ Kb7 39. Re1 Qd6 40. Rxf7+ Kc8 41. Qxa7 Qb8 42. Qxb8+ Kxb8 43. h7 Rd8 44. Rg1 1-0

[Event "Live Chess"]
[Site "Chess.com"]
[Date "2023.05.20"]
[Round "-"]
[White "Inglaterra"]
[Black "AttackingSnowLeopard"]
[Result "0-1"]
[WhiteElo "2032"]
[BlackElo "2080"]
[TimeControl "300"]
[EndTime "14:20:31 PDT"]
[Termination "AttackingSnowLeopard won by resignation"]

1. e4 e5 2. Nf3 Nc6 3. Bb5 a6 4.
Ba4 Nf6 5. d3 b5 6. Bb3 Be7 7.
c3 O-O 8. O-O d6 9. Re1 Na5 10.
Bc2 c5 11. Nbd2 Bb7 12. Nf1 Re8 13. Ng3 Bf8 14. a4 g6 15. d4 cxd4 16. cxd4 Bg7 17.
d5 Nc4 18. axb5 axb5 19. Rxa8 Qxa8 20. h3 b4 21. Bd3 Ba6 22. b3 Na5 23. Be3 Rc8 24.
Bxa6 Qxa6 25. Nd2 Nd7 26. Qa1 Qb5 27. Rc1 Rxc1+ 28. Qxc1 Bf8 29. Qc8 Qb7 30. Qd8 Qb5 31. Bh6 Nb7 32. Qc8 Nbc5 33. Ngf1 Qb7 34. Qe8 Qb8 35.
Qxb8 Nxb8 36. Bxf8 Kxf8 37. Ne3 Ke7 38. Nec4 Nba6 39.
f3 Nc7 40. Kf2 Nb5 41. Ke3 Nd4 42. Na5 Kd7 43. Nc6 Nxc6 44. dxc6+ Kxc6 45. h4 f6 46. g3 d5 47. exd5+ Kxd5 48. f4 exf4+ 49. gxf4 f5 50. Nf3 Nxb3 51. Kd3 Nc5+ 52. Kc2 Ke4 0-1

[Event "Live Chess"]
[Site "Chess.com"]
[Date "2023.05.20"]
[Round "-"]
[White "chrisbradgate"]
[Black "GEMdzq"]
[Result "0-1"]
[WhiteElo "861"]
[BlackElo "2236"]
[TimeControl "300"]
[EndTime "14:20:38 PDT"]
[Termination "GEMdzq won by checkmate"]

1. d4 Nf6 2. Bf4 e6 3. e3 c5 4. c3 Qb6 5. b3 Nc6 6. Nd2 d6 7. Be2 Nd5 8. Rc1 Nxf4 9. exf4 cxd4 10. cxd4 Qxd4 11. g3 Be7 12. Ngf3 Qb6 13. O-O O-O 14. Ng5 h6 15. Ngf3 d5 16. Bd3 Bd7 17. Bb1 Rac8 18. Qc2 g6 19. f5 exf5 20. Rce1 Bf6 21. Re2 Nd4 22. Nxd4 Rxc2 23. Bxc2 Bxd4 24. Nf3 Bb5 25. Nxd4 Qxd4 26. Rfe1 Bxe2 27. Rxe2 Rc8 28. b4 Rxc2 29. Rxc2 Qd1+ 30. Kg2 Qxc2 31. Kh3 g5 32. f3 h5 33. f4 g4+ 34. Kh4 f6 35. b5 Qxh2# 0-1

[Event "Live Chess"]
[Site "Chess.com"]
[Date "2023.05.20"]
[Round "-"]
[White "OmeetAtara"]
[Black "TheSmoulderingMaster"]
[Result "1-0"]
[WhiteElo "1795"]
[BlackElo "1695"]
[TimeControl "300"]
[EndTime "14:20:44 PDT"]
[Termination "OmeetAtara won by resignation"]

1. d4 Nf6 2. Bg5 Ne4 3. Bf4 c6 4. f3 Nf6 5. e4 Qa5+ 6. c3 Qb6 7.
Qb3 Qxb3 8. axb3 d5 9. e5 Nh5 10. Be3 Na6 11. g4 c5 12. gxh5 cxd4 13. cxd4 Bf5 14.
Bxa6 bxa6 15. Rxa6 e6 16. Nc3 Bb4 17. Ne2 O-O 18.
Ng3 Bd3 19. Ra4 a5 20. Kd2 Ba6 21. Rha1 Bb5 22. R4a2 Ba6 23. Ne2 Rac8 24. Nc1 Rc7 25. Nd3 Bxd3 26. Kxd3 Rfc8 27. Rc1 h6 28. Rc2 Rb8 29.
Ra1 Be7 30. Na4 Rxb3+ 31. Rc3 Rcb7 32. Rxb3 Rxb3+ 33. Ke2 Rb4 34. Kd3 Rb3+ 35. Kc2 Rxe3 36. Nc5 Rxf3 37. Rxa5 Rf2+ 38. Kc3 Rxh2 39. b4 Rh3+ 40.
Nd3 Rxh5 41. b5 Rh1 42. b6 Rb1 43. Nb2 Rc1+ 44. Kb3 Rc8 45. b7 Rb8 46. Ra8 Rxa8 47. bxa8=Q+ Kh7 48. Qb7 1-0

[Event "Live Chess"]
[Site "Chess.com"]
[Date "2023.05.20"]
[Round "-"]
[White "Shepherds_Pie"]
[Black "ProfPoisson"]
[Result "1-0"]
[WhiteElo "1930"]
[BlackElo "1128"]
[TimeControl "300"]
[EndTime "14:20:49 PDT"]
[Termination "Shepherds_Pie won by resignation"]

1. c4 f5 2. Nc3 e5 3. d4 exd4 4.
Qxd4 Nf6 5. Bg5 Be7 6. Nf3 O-O 7. Rd1 Nc6 8. Qd2 Ne4 9. Nxe4 fxe4 10. Bxe7 Qxe7 11.
Nd4 Nxd4 12. Qxd4 Qb4+ 13. Rd2 c5 14. Qxe4 d6 15. e3 Bf5 16. Qd5+ Kh8 17. Be2 Rae8 18. O-O Be4 19. Qxd6 Rd8 20. Qxd8 Kg8 21. Qd6 Qa5 22.
Rfd1 Bc6 23. Bg4 Qb4 24. Be6+ 1-0

[Event "Live Chess"]
[Site "Chess.com"]
[Date "2023.05.20"]
[Round "-"]
[White "LutherSullivan"]
[Black "VovaOvchar1990"]
[Result "1-0"]
[WhiteElo "2092"]
[BlackElo "1223"]
[TimeControl "300"]
[EndTime "14:20:50 PDT"]
[Termination "LutherSullivan won by checkmate"]

1. c4 g5 2. d4 f5 3. Bxg5 Bh6 4.
Bxh6 Nxh6 5. Nc3 e6 6. e4 fxe4 7. Qh5+ Nf7 8. Nxe4 Qe7 9. O-O-O b6 10. Nf3 Bb7 11. Neg5 Rf8 12. Bd3 Bxf3 13. Nxf3 Na6 14.
Kb1 O-O-O 15. Rhe1 h6 16. Qb5 Kb7 17. c5 Nb8 18. Qa4 Ng5 19. d5 Nxf3 20. c6+ dxc6 21. dxc6+ Nxc6 22. Ba6+ Kb8 23. Qxc6 Rxd1+ 24. Rxd1 Qh7+ 25.
Ka1 Qe4 26. Qxe4 c5 27. Qb7# 1-0

[Event "Live Chess"]
[Site "Chess.com"]
[Date "2023.05.20"]
[Round "-"]
[White "Delacorta"]
[Black "LL220284LL"]
[Result "0-1"]
[WhiteElo "1430"]
[BlackElo "2377"]
[TimeControl "300"]
[EndTime "14:20:50 PDT"]
[Termination "LL220284LL won by resignation"]

1. d4 b6 2. Nf3 Bb7 3. e3 Nf6 4. Bd3 g6 5. b3 Bg7 6. Bb2 O-O 7. Nbd2 d6 8. c4 Nbd7 9. O-O Re8 10. d5 Nc5 11. Qc2 Nxd3 12. Qxd3 c6 13. dxc6 Bxc6 14.
Rad1 Qc8 15. Qb1 Qb7 16. b4 a6 17. Qa1 Rad8 18. Rfe1 d5 19. c5 bxc5 20. bxc5 Rb8 21.
Bxf6 Bxf6 22. Qb1 Qc7 23. Qd3 e5 24. e4 dxe4 25. Nxe4 Bg7 26. Qd6 Qb7 27. Qd3 h6 28.
Qc2 Qa8 29. Qc4 Bb5 30. Qc2 Rbd8 31. Nd6 Rf8 32. Nxe5 Qb8 33. Ndxf7 Rxd1 34. Qxd1 Rxf7 35. Nxf7 Kxf7 36. Qd5+ Kf8 37. Qf3+ Kg8 38. c6 Qc7 39. Qb3+ Kh7 40. Rc1 Be5 41. Qd3 Bxd3 0-1

[Event "Live Chess"]
[Site "Chess.com"]
[Date "2023.05.20"]
[Round "-"]
[White "diana21strabt"]
[Black "scarletmojito"]
[Result "0-1"]
[WhiteElo "1696"]
[BlackElo "1866"]
[TimeControl "300"]
[EndTime "14:20:51 PDT"]
[Termination "scarletmojito won by resignation"]

1. e4 c5 2. Nf3 e6 3. d3 Nc6 4.
g3 d6 5. Bg2 Qc7 6. O-O Nf6 7.
c3 Be7 8. Bf4 O-O 9. Nbd2 b5 10. a4 bxa4 11. Rxa4 Bb7 12. Nc4 Nh5 13. Be3 d5 14. exd5 exd5 15. Ncd2 Bd6 16. Ng5 Nf6 17. Rh4 h6 18. Nh3 Rfe8 19. Bxh6 gxh6 20. Rxh6 Kg7 21. Rxf6 Kxf6 22. Qf3+ Ke7 23. Ng5 Ne5 24. Qf5 Qd7 25.
Qh7 Rh8 26. Qg7 Rag8 27. Bh3 Qb5 28. c4 Qxb2 29. f4 Qd4+ 30. Kg2 Rxg7 31. Nb3 Qb2+ 32. Rf2 Qxb3 33. fxe5 Bxe5 34. Nf3 Bd4 35. Re2+ Kd6 0-1

[Event "Live Chess"]
[Site "Chess.com"]
[Date "2023.05.20"]
[Round "-"]
[White "Oleg_Silin"]
[Black "therealab0ne"]
[Result "1-0"]
[WhiteElo "1464"]
[BlackElo "702"]
[TimeControl "300"]
[EndTime "14:21:00 PDT"]
[Termination "Oleg_Silin won by resignation"]

1. c4 e5 2. Nc3 Nc6 3. Nf3 Nge7 4.
d4 exd4 5. Nxd4 g6 6. g3 Bg7 7. Nf3 O-O 8. Bg2 b6 9. O-O a5 10. Bg5 Ba6 11. Nd2 Nd4 12. Bxa8 Qxa8 13. Bxe7 Qc6 14.
Bxf8 Bb7 15. e4 Bxf8 16. Nf3 Nxf3+ 17. Qxf3 Qxc4 18. Nd5 Bg7 19. Rfc1 Qd4 20. Rxc7 Bxd5 21. exd5 Qxb2 22. Re1 Be5 23. Rxd7 Qxa2 24. Qxf7+ 1-0

[Event "Live Chess"]
[Site "Chess.com"]
[Date "2023.05.20"]
[Round "-"]
[White "ExIsambard"]
[Black "YrrriKharkiv"]
[Result "0-1"]
[WhiteElo "1970"]
[BlackElo "2082"]
[TimeControl "300"]
[EndTime "14:21:09 PDT"]
[Termination "YrrriKharkiv won on time"]

1. d4 Nf6 2. Nf3 c5 3. Bg5 cxd4 4. Qxd4 Nc6 5. Qa4 d6 6. c3 Bd7 7. e3 Nd5 8. Qd1 Nc7 9. Bd3 f6 10. Bh4 d5 11. Nbd2 e5 12. e4 Be6 13. O-O Be7 14. Qc2 Qd7 15. Rfd1 d4 16. Nb3 Rc8 17.
Qe2 Bxb3 18. axb3 O-O 19. Bc4+ Kh8 20. cxd4 exd4 21. Qd2 Bc5 22. e5 Nxe5 23. Nxe5 fxe5 24. b4 Bb6 25. Bd3 Ne6 26. Bg3 Nf4 27. Bxf4 exf4 28. Qe2 f3 29. gxf3 Rf4 30. Kh1 Rcf8 31. Be4 Qe7 32. Rg1 Qxb4 33. Rg3 Qe7 34. Rag1 g6 35. Rh3 Rh4 36. Rgg3 Bc7 37. Rxh4 Qxh4 38. Rg2 Qf4 39. Qd3 Be5 40. Qc4 b6 41.
Qe6 Qf6 42. Qh3 Kg7 43. Qd7+ Rf7 44. Qe8 d3 45. Qa4 d2 46. Qd1 Rd7 47. Rg4 Bxb2 48. h4 Be5 49. h5 g5 50. Bc2 Bf4 51. Qe2 Re7 0-1

[Event "Live Chess"]
[Site "Chess.com"]
[Date "2023.05.20"]
[Round "-"]
[White "gregor1903"]
[Black "ramses-IIG"]
[Result "1-0"]
[WhiteElo "1567"]
[BlackElo "822"]
[TimeControl "300"]
[EndTime "14:21:10 PDT"]
[Termination "gregor1903 won by resignation"]

1. e4 d5 2. exd5 Qxd5 3. Nc3 Qe6+ 4. Be2 Qg6 5. Bf3 c6 6. Nge2 e5 7. d3 f6 8. Be3 Bb4 9. a3 Ba5 10. Ng3 Ne7 11. b4 Bc7 12. O-O h5 13. Nxh5 Rxh5 14. Bxh5 Qxh5 15. Qxh5+ 1-0

[Event "Live Chess"]
[Site "Chess.com"]
[Date "2023.05.20"]
[Round "-"]
[White "PaulHumphreys"]
[Black "elvenstar"]
[Result "1-0"]
[WhiteElo "1369"]
[BlackElo "1567"]
[TimeControl "300"]
[EndTime "14:21:13 PDT"]
[Termination "PaulHumphreys won on time"]

1. d4 Nf6 2. Nc3 d5 3. Bf4 c6 4. e3 Bf5 5. Be2 Nbd7 6. g4 Bg6 7. h4 h5 8. g5 Ne4 9. Bd3 Qb6 10. Rb1 e6 11. a3 Be7 12. f3 Nd6 13. Bxg6 fxg6 14.
Qd3 Nf5 15. Na4 Qa5+ 16. Nc3 Nb6 17. e4 Nd6 18. Bxd6 Bxd6 19. e5 Be7 20. Qxg6+ Kd7 21. Ne2 Nc4 22. Kf2 Qb6 23. Nf4 Qxd4+ 24. Kg3 Qxe5 25. Rhe1 Ne3 26. Kf2 Qxf4 27. Rxe3 Bc5 28. Qxe6+ Kc7 29. Re1 Bxe3+ 30. Rxe3 Qxh4+ 31. Ke2 Rhe8 32. Qf7+ 1-0

[Event "Live Chess"]
[Site "Chess.com"]
[Date "2023.05.20"]
[Round "-"]
[White "omisoc"]
[Black "siddu198"]
[Result "1-0"]
[WhiteElo "2141"]
[BlackElo "1622"]
[TimeControl "300"]
[EndTime "14:21:20 PDT"]
[Termination "omisoc won by resignation"]

1. Nf3 d5 2. g3 Bf5 3. d3 Nf6 4.
Bg2 Nc6 5. O-O e5 6. c3 Bd6 7. b4 h6 8. Bb2 a6 9. a4 Ne7 10. Nbd2 Ng6 11. b5 axb5 12. axb5 Rxa1 13. Qxa1 O-O 14. c4 c6 15. Nxe5 Bxe5 16. Bxe5 Nxe5 17. Qxe5 Bg6 18. bxc6 bxc6 19. cxd5 cxd5 20. Nf3 Re8 21. Qb2 Qe7 22. Nd4 Qe5 23. Rb1 Ng4 24. Bf3 Nf6 25. Nc6 Qxb2 26. Rxb2 Re6 27. Rc2 Nd7 28. Kf1 Rd6 29.
Bxd5 Ne5 30. Nxe5 Rxd5 31. Nxg6 fxg6 32. Rc7 h5 33. f4 g5 34. fxg5 Rxg5 35. e4 h4 36. Kf2 hxg3+ 37. hxg3 Ra5 38. Rc2 Ra7 39.
Ke3 Kf7 40. Rc6 Rd7 41. e5 Re7 42. Ke4 g6 43. Rf6+ Kg7 44. d4 Kh6 45. d5 Kg5 46. d6 Rb7 47. Rf8 Rb4+ 48. Kd5 Rb1 49. d7 Rd1+ 50. Ke6 Kg4 51. d8=Q Rxd8 52. Rxd8 1-0

[Event "Live Chess"]
[Site "Chess.com"]
[Date "2023.05.20"]
[Round "-"]
[White "AbilifyXL"]
[Black "RamsayFlayer"]
[Result "1-0"]
[WhiteElo "1963"]
[BlackElo "1989"]
[TimeControl "300"]
[EndTime "14:21:21 PDT"]
[Termination "AbilifyXL won on time"]

1. d4 d5 2. c4 dxc4 3. Nc3 Nc6 4.
e3 e5 5. d5 Nce7 6. Bxc4 c6 7.
e4 cxd5 8. exd5 Nf6 9. Nf3 Ng6 10.
O-O Bc5 11. Re1 Ng4 12. Ne4 Bb6 13. h3 Nf6 14. Bb5+ Bd7 15. Nd6+ Ke7 16. Bxd7 Qxd7 17. Ne4 Qxd5 18. Bg5 Qxd1 19. Raxd1 h6 20. Bxf6+ gxf6 21. Nd6 Rhd8 22. Nf5+ Kf8 23. Nxh6 Nf4 24. Ng4 Kg7 25. Nh4 Nd3 26. Re2 Nxf2 27. Rxd8 Nxg4+ 28. Kf1 Nh2+ 29. Ke1 Rxd8 30. g4 Rd3 31. Rxh2 Ba5+ 32. Kf1 Rd1+ 33. Kg2 Rd2+ 34. Kg3 Rxh2 35. Kxh2 Kh6 36. Nf5+ Kg5 37. Nd6 b6 38. Nxf7+ Kf4 39. Kg2 Be1 40. Nd8 Bh4 41. Ne6+ Ke4 42. Nd8 f5 43. Nc6 fxg4 44. hxg4 Kf4 45. Kh3 Bf6 46. Nxa7 e4 47. Nb5 Bxb2 48. Nd6 e3 49. Nc4 e2 50.
Nxb2 e1=Q 51. Nd3+ 1-0

[Event "Live Chess"]
[Site "Chess.com"]
[Date "2023.05.20"]
[Round "-"]
[White "JohanKjeldahl"]
[Black "Wild_Tiger"]
[Result "1-0"]
[WhiteElo "1852"]
[BlackElo "1072"]
[TimeControl "300"]
[EndTime "14:21:31 PDT"]
[Termination "JohanKjeldahl won on time"]

1. e4 e5 2. Nf3 Nc6 3. d4 exd4 4.
c3 dxc3 5. Bc4 Bb4 6. O-O d6 7. Nxc3 Bxc3 8. bxc3 Nge7 9. Bg5 O-O 10. Qe2 Bg4 11. h3 Bxf3 12. gxf3 Kh8 13. Rab1 b6 14. Bd5 Rb8 15. Bxc6 f6 16. Bxf6 Rxf6 17. Ba4 Rh6 18.
Kh2 Ng6 19. Rg1 Nf4 20. Qf1 Qf6 21. Rg3 Qxc3 22. Rc1 Qd4 23. Bd7 c5 24. Rd1 Qe5 25. Bg4 Rg6 26. Qa6 Qe7 27. Qc4 b5 28. Qc1 a6 29.
Qxf4 Rd8 30. e5 d5 31. e6 Rf6 32. Qe5 d4 33. f4 g6 34. f5 h5 35. Bxh5 gxh5 36.
Rg6 Rf8 37. Rdg1 Kh7 38. R1g5 1-0

[Event "Live Chess"]
[Site "Chess.com"]
[Date "2023.05.20"]
[Round "-"]
[White "lucaskk818"]
[Black "EdenHazard8"]
[Result "1-0"]
[WhiteElo "1898"]
[BlackElo "2048"]
[TimeControl "300"]
[EndTime "14:21:40 PDT"]
[Termination "lucaskk818 won by resignation"]

1. d4 e6 2. c4 f5 3. Nc3 Nf6 4.
g3 Bb4 5. Bg2 O-O 6. Nf3 d6 7.
O-O Bxc3 8. bxc3 Qe8 9. Bg5 e5 10. c5 Nc6 11. cxd6 cxd6 12. dxe5 dxe5 13. Bxf6 Rxf6 14.
Qb3+ Kh8 15. Ng5 e4 16. e3 Ne5 17. Rfd1 Bd7 18. Qxb7 Rb6 19. Qd5 Rd8 20. c4 Ng4 21. Nf7+ 1-0

[Event "Live Chess"]
[Site "Chess.com"]
[Date "2023.05.20"]
[Round "-"]
[White "hturner40"]
[Black "LiamClery2020"]
[Result "1/2-1/2"]
[WhiteElo "1814"]
[BlackElo "2080"]
[TimeControl "300"]
[EndTime "14:21:40 PDT"]
[Termination "Game drawn by agreement"]

1. Nf3 Nf6 2. g3 e6 3. Bg2 d5 4. O-O Be7 5. c4 O-O 6. d4 a6 7.
Nbd2 dxc4 8. Nxc4 b5 9. Nfe5 Ra7 10. Ne3 c5 11. dxc5 Qxd1 12. Rxd1 Bxc5 13. N3g4 Nxg4 14. Nxg4 Bb7 15. Be3 Bxe3 16. Nxe3 Bxg2 17. Kxg2 Nc6 18. Rac1 Ne7 19. Rd6 g6 20. Ng4 Kg7 21. Ne5 Nf5 22.
Rdc6 Rd8 23. Rc7 Rxc7 24. Rxc7 Rf8 1/2-1/2

[Event "Live Chess"]
[Site "Chess.com"]
[Date "2023.05.20"]
[Round "-"]
[White "FlyingChessKestrel13"]
[Black "wadsy27"]
[Result "0-1"]
[WhiteElo "2110"]
[BlackElo "2556"]
[TimeControl "300"]
[EndTime "14:21:54 PDT"]
[Termination "wadsy27 won by resignation"]

1. e4 c5 2. Nc3 e6 3. d3 Nc6 4.
g3 Nf6 5. Bg2 Be7 6. Nge2 O-O 7.
O-O d5 8. exd5 exd5 9. Nf4 Bg4 10. f3 Bc8 11. Bd2 d4 12. Ne4 b6 13. Nh3 Nxe4 14. fxe4 Bxh3 15. Bxh3 Bg5 16. Bg2 Bxd2 17. Qxd2 Ne5 18.
h3 Qe7 19. a4 a6 20. Rf5 Rad8 21. Raf1 Rd6 22. Kh2 g6 23. R5f4 f6 24. b3 Kg7 25. h4 h5 26. Bh3 b5 27. a5 Qc7 28.
Kh1 c4 29. bxc4 bxc4 30. g4 hxg4 31. Bxg4 cxd3 32. cxd3 Qc3 33. Qxc3 dxc3 34. Be2 c2 35. Rc1 Rc8 36. Rf2 Nxd3 37. Bxd3 Rxd3 38. Rfxc2 Rxc2 39. Rxc2 Rh3+ 40. Kg2 Rxh4 41. Kf3 Rh3+ 42. Kg4 Ra3 43.
Rc7+ Kh6 44. Rc6 Rxa5 45. Rxf6 Ra1 46. e5 a5 47. Ra6 a4 48. e6 Kg7 49. e7 Kf7 50.
Kf4 a3 51. Kf3 a2 52. Ke2 Rh1 0-1

[Event "Live Chess"]
[Site "Chess.com"]
[Date "2023.05.20"]
[Round "-"]
[White "Stanbad1"]
[Black "Jeffaroow"]
[Result "1-0"]
[WhiteElo "2393"]
[BlackElo "505"]
[TimeControl "300"]
[EndTime "14:22:11 PDT"]
[Termination "Stanbad1 won by resignation"]

1. d4 d5 2. Nc3 Nf6 3. Bf4 e6 4. e3 Na6 5. Bxa6 bxa6 6. Nf3 Ne4 7. Nxe4 dxe4 8. Nd2 Bd6 9. Bxd6 Qxd6 10. Nxe4 Qb4+ 11. Qd2 Qxb2 12. O-O f5 13. Nc5 O-O 14. Rfb1 Qa3 15.
Rb3 Qxb3 16. axb3 1-0

[Event "Live Chess"]
[Site "Chess.com"]
[Date "2023.05.20"]
[Round "-"]
[White "JoeRoot66"]
[Black "weibs440"]
[Result "1-0"]
[WhiteElo "1910"]
[BlackElo "943"]
[TimeControl "300"]
[EndTime "14:22:24 PDT"]
[Termination "JoeRoot66 won by resignation"]

1. e4 d6 2. d4 Nf6 3. Bd3 Nbd7 4. Nf3 e5 5. c3 Be7 6. O-O c6 7. Nbd2 Qc7 8. Nc4 b5 9. dxe5 bxc4 10. exf6 Nxf6 11.
Bxc4 Nxe4 12. Qa4 Nc5 13. Qc2 O-O 14. b4 Ne6 15. Re1 d5 16. Bd3 Bd7 17. Bxh7+ Kh8 18.
Qf5 Ng5 19. Rxe7 Bxf5 20. Rxc7 Bxh7 21. Nxg5 Rae8 22. Be3 Bg6 23. Bc5 Rc8 24. Rxc8 Rxc8 25. Re1 f6 26. Ne6 Re8 27. Re2 Bf7 28. Nd4 Rxe2 29.
Nxe2 Bg6 30. Nd4 Bd3 31. Nxc6 1-0

[Event "Live Chess"]
[Site "Chess.com"]
[Date "2023.05.20"]
[Round "-"]
[White "Richardallis"]
[Black "chessfiction"]
[Result "1/2-1/2"]
[WhiteElo "1900"]
[BlackElo "2355"]
[TimeControl "300"]
[EndTime "14:22:33 PDT"]
[Termination "Game drawn by repetition"]

1. d4 d5 2. Nf3 e5 3. dxe5 f6 4.
exf6 Nxf6 5. Bg5 Bd6 6. e3 Nc6 7. c3 Bg4 8. Be2 Qd7 9. Bxf6 gxf6 10. Qxd5 O-O-O 11. Nbd2 Rhe8 12. Bb5 Kb8 13. Bxc6 bxc6 14. Qa5 Qe7 15. Nd4 Bd7 16. Qa6 Bc5 17. Nxc6+ Bxc6 18. Qxc6 Bxe3 19. O-O-O Bf4 20. Qb5+ Kc8 21. Qa6+ Kb8 22.
Qb5+ Ka8 23. Qc6+ Kb8 24. Qb5+ 1/2-1/2

[Event "Live Chess"]
[Site "Chess.com"]
[Date "2023.05.20"]
[Round "-"]
[White "nigelst"]
[Black "WelshTiger"]
[Result "0-1"]
[WhiteElo "1819"]
[BlackElo "2385"]
[TimeControl "300"]
[EndTime "14:22:34 PDT"]
[Termination "WelshTiger won by resignation"]

1. e4 c5 2. Nf3 d6 3. Bb5+ Nd7 4.
O-O a6 5. Bxd7+ Bxd7 6. c3 Bg4 7.
d4 Qc7 8. h3 Bh5 9. Be3 b6 10.
Nbd2 Nf6 11. Qb3 e6 12. Rac1 Be7 13. e5 dxe5 14. Nxe5 O-O 15. Ndf3 Nd5 16. g4 Bg6 17. Nxg6 hxg6 18. Ne5 Bd6 19. Rfe1 Rac8 20. Qa4 Bxe5 21. dxe5 Qb7 22. Qd1 Rfd8 23. Qe2 b5 24. b3 c4 25. b4 Rd7 26. Bd4 Nxb4 27. h4 Nd3 28. Rcd1 Nxe1 29.
Qxe1 Rcd8 30. Qe3 b4 31. Rb1 a5 32. h5 gxh5 33. gxh5 Rxd4 34. cxd4 c3 35. h6 Qd5 36.
hxg7 Qxd4 37. Qh6 Qg4+ 38. Kf1 Qxg7 39. Qh4 Rd2 40. Qe4 Qg6 41. Qa8+ Kg7 42. Qf3 Qxb1+ 0-1

[Event "Live Chess"]
[Site "Chess.com"]
[Date "2023.05.20"]
[Round "-"]
[White "Rusty_Bridges"]
[Black "ACx04"]
[Result "1-0"]
[WhiteElo "1419"]
[BlackElo "415"]
[TimeControl "300"]
[EndTime "14:22:48 PDT"]
[Termination "Rusty_Bridges won by checkmate"]

1. e4 e5 2. f4 exf4 3. Nf3 Qf6 4. Bc4 h6 5. O-O Bc5+ 6. d4 Bb6 7. Ne5 Ne7 8. Rxf4 Qd6 9. Bxf7+ Kf8 10. Bh5+ Kg8 11.
c3 Nbc6 12. Nf7 Qxf4 13. Bxf4 Rh7 14. Bg6 d5 15. Bxh7+ Kxh7 16. e5 Nf5 17. Qd3 g6 18.
Nd2 a6 19. Nf3 a5 20. Re1 g5 21. Bg3 Kg7 22. e6 Nce7 23. Bf2 c5 24. g4 Nh4 25. Nxh4 gxh4 26. Bxh4 Nc6 27. Qf3 Bxe6 28. Rxe6 Nd8 29. Qf6+ Kf8 30. Nxd8+ Kg8 31. Qf7+ Kh8 32. Bf6# 1-0

[Event "Live Chess"]
[Site "Chess.com"]
[Date "2023.05.20"]
[Round "-"]
[White "JoeyCage"]
[Black "jennybobby44"]
[Result "1/2-1/2"]
[WhiteElo "2303"]
[BlackElo "1854"]
[TimeControl "300"]
[EndTime "14:22:58 PDT"]
[Termination "Game drawn - insufficient material"]

1. e4 c5 2. Nf3 d6 3. d4 cxd4 4. Nxd4 Nf6 5. Nc3 a6 6. g3 g6 7. Bg2 Bg7 8. O-O O-O 9. h3 Qc7 10. Bg5 h6 11. Bxf6 Bxf6 12. Nd5 Qd8 13. Nxf6+ exf6 14.
c4 Nc6 15. Qd2 Qe7 16. Rad1 Nxd4 17. Qxd4 Be6 18. b3 Rad8 19. Rd2 Rd7 20. Rfd1 Rfd8 21.
Qb6 Kg7 22. Rd4 f5 23. exf5 Bxf5 24. R4d2 h5 25. Qd4+ Qf6 26. f3 Qxd4+ 27. Rxd4 Be6 28. g4 hxg4 29. hxg4 d5 30. c5 Rc7 31. b4 a5 32.
a3 axb4 33. axb4 b6 34. cxb6 Rb7 35. Kf2 Rxb6 36. Rb1 Rdb8 37. Kg3 Rb5 38. f4 f5 39.
Bh3 fxg4 40. Bxg4 Bxg4 41. Kxg4 Kf6 42. Rc1 R8b6 43. Rc5 Rxb4 44. Rdxd5 Re6 45. Rg5 Rbe4 46. Ra5 Rc4 47. Kf3 Rc3+ 48. Kg4 Rc4 49. Rge5 Rxe5 50. Rxe5 Rc6 51. Ra5 Rd6 52. Kf3 Rd3+ 53. Ke4 Rd6 54. Rb5 Re6+ 55. Kf3 Rd6 56. Ke3 Re6+ 57. Kd4 Rd6+ 58. Ke4 Re6+ 59. Re5 Rxe5+ 60. fxe5+ Ke6 61. Kd4 g5 62. Ke4 g4 63. Kf4 g3 64. Kf3 Kxe5 65.
Ke3 Kf5 66. Kf3 Kg5 67. Kxg3 1/2-1/2

[Event "Live Chess"]
[Site "Chess.com"]
[Date "2023.05.20"]
[Round "-"]
[White "parcellforce"]
[Black "Singapourfeuj"]
[Result "0-1"]
[WhiteElo "1371"]
[BlackElo "2252"]
[TimeControl "300"]
[EndTime "14:22:59 PDT"]
[Termination "Singapourfeuj won by resignation"]

1. d4 Nf6 2. c4 g6 3. Nc3 Bg7 4. Nf3 O-O 5. e4 d6 6. Bd3 Nc6 7. Bc2 Nh5 8. O-O e5 9. d5 Nb4 10. Bb1 Bg4 11. a3 Na6 12. b4 Qf6 13. Bd3 Bxf3 14.
Qxf3 Qxf3 15. gxf3 Nb8 16. Kh1 Nd7 17. Nb5 Rfc8 18.
Rg1 a6 19. Nc3 a5 20. Bb2 axb4 21. axb4 c6 22. Ne2 cxd5 23. exd5 f5 24. Bc3 Rxa1 25. Rxa1 b5 26. cxb5 Nb6 27. Bd2 e4 28. fxe4 Bxa1 29. exf5 Nxd5 30. fxg6 hxg6 31. Bxg6 Nhf6 32. Bd3 Be5 33.
f4 Bb2 34. Ng3 Bc3 35. Bxc3 Nxc3 36. Nf5 Rb8 37. Nxd6 Rd8 38. Bc4+ Kf8 39. Nf5 Nh5 40. Nd4 Rxd4 0-1

[Event "Live Chess"]
[Site "Chess.com"]
[Date "2023.05.20"]
[Round "-"]
[White "bristolunichess"]
[Black "BostonStrangler"]
[Result "1-0"]
[WhiteElo "1839"]
[BlackElo "2053"]
[TimeControl "300"]
[EndTime "14:23:10 PDT"]
[Termination "bristolunichess won by resignation"]

1. e4 c5 2. d4 cxd4 3. c3 g6 4. Nf3 Bg7 5. e5 dxc3 6. Nxc3 Nc6 7. Bc4 Nxe5 8. Nxe5 Bxe5 9. Bxf7+ Kxf7 10. Qd5+ e6 11. Qxe5 Qf6 12. f4 Qxe5+ 13. fxe5 Ne7 14. g4 Kg7 15. Bg5 Ng8 16. O-O-O h6 17. Bd8 Kf7 18. Rhf1+ Ke8 19. Bc7 Ne7 20. Ne4 d5 21. exd6 Nd5 22. Rxd5 exd5 23. Nf6+ Kf7 24. d7 Bxd7 25. Nxd7+ Ke6 26.
Nc5+ Ke7 27. Re1+ Kf7 28. Kd2 Rac8 29. Bd6 Rhe8 30. Rf1+ Kg7 31. Nd7 Rcd8 32. Be5+ Kg8 33. Nf6+ Kf7 34. Nxe8+ Ke6 35. Nd6 1-0

[Event "Live Chess"]
[Site "Chess.com"]
[Date "2023.05.20"]
[Round "-"]
[White "OSmith06"]
[Black "MarkLim1"]
[Result "1/2-1/2"]
[WhiteElo "1658"]
[BlackElo "1665"]
[TimeControl "300"]
[EndTime "14:23:24 PDT"]
[Termination "Game drawn by agreement"]

1. e4 e6 2. Nf3 d5 3. exd5 exd5 4. d4 Bd6 5. Bd3 Nc6 6. h3 Nge7 7. c3 Bf5 8. Bxf5 Nxf5 9. Qe2+ Qe7 10. Qxe7+ Nfxe7 11. Be3 O-O-O 12. Nbd2 Rde8 13. O-O-O Nf5 14. Ng5 Nxe3 15. fxe3 Rxe3 16. Nxf7 Rf8 17. Nxd6+ cxd6 18. Nf3 Re2 19. Rd2 Rfe8 20. Kd1 R2e3 21. Re1 Na5 22.
Rxe3 Rxe3 23. Re2 Nc4 24. b3 Rxe2 25. Kxe2 Nb6 26. Ng5 h6 27. Ne6 g5 28. Ng7 Kd7 29.
Nf5 h5 30. Ke3 h4 31. Kf3 Ke6 32. Kg4 Nd7 33. Kxg5 Nf6 34. Nxh4 Ne4+ 35. Kf4 Nxc3 36. a3 Nb5 37. Ke3 Nxa3 38. g4 a5 39. g5 Kf7 40.
Nf5 Kg6 41. Nxd6 Kxg5 42. Nxb7 Kh4 43. Nxa5 Kxh3 44. b4 Kg4 45. Nc6 Kf5 46. Kd3 Ke6 47. Kc3 Kd6 48. Ne5 Nb5+ 49. Kd3 Na3 50. Nf7+ Kc6 51.
Nd8+ Kb5 52. Kc3 Nb1+ 53. Kc2 Na3+ 54. Kb2 Nc4+ 55. Kc3 1/2-1/2